 Dungeon Crawl Stone Soup version 0.31-a0-187-gba352fbbf7 (webtiles) character file.

Game seed: 10021235193076706522

177 qw the Skirmisher (level 5, 0/29 HPs)
             Began as a Deep Elf Hunter on June 22, 2023.
             Slain by Natasha (4 damage)
             ... on level 3 of the Dungeon.
             The game lasted 00:00:45 (2109 turns).

qw the Skirmisher (Deep Elf Hunter)                 Turns: 2109, Time: 00:00:45

Health: 0/29       AC:  8    Str: 10    XL:     5   Next: 30%
Magic:  7/7        EV:  9    Int: 14    God:
Gold:   76         SH:  0    Dex: 18    Spells: 4/4 levels left

rFire   . . .        d - +3 orcbow
rCold   . . .        (shield currently unavailable)
rNeg    . . .        i - +0 scale mail
rPois   .            g - +1 helmet
rElec   .            (no cloak)
rCorr   .            (no gloves)
SInv    .            (no boots)
Will    .....        (no amulet)
Stlth   +            (no ring)
HPRegen 0.24/turn    (no ring)
MPRegen 0.10/turn

%: no passive effects
@: slowed, very slow
A: no striking features
a: no special abilities


You were on level 3 of the Dungeon.
You visited 1 branch of the dungeon, and saw 3 of its levels.

You collected 76 gold pieces.


   Skills:
 - Level 1.5 Fighting
 + Level 8.8 Ranged Weapons
 - Level 2.4 Dodging
 - Level 1.2 Stealth


You had 4 spell levels left.
You didn't know any spells.
Your spell library was empty.

Inventory:

Hand Weapons
 d - a +3 orcbow (weapon)
Armour
 g - a +1 helmet (worn)
 i - a +0 scale mail (worn)
Scrolls
 a - 2 scrolls of identify
 c - a scroll of fear {unknown}
Potions
 b - a potion of haste {unknown}

Dungeon Overview and Level Annotations

Branches:
Dungeon (3/15)

Altars:

Shops:
D:1 :

Annotations:
D:2 1 runed translucent door, Crazy Yiuf
D:3 Natasha


Message History

You shoot an arrow. The arrow hits the giant cockroach!
You kill the giant cockroach!
Natasha stares at you and mumbles some strange words.
You feel yourself slow down.
A worm comes into view.
You shoot an arrow. The arrow closely misses Natasha.
You shoot an arrow. The arrow closely misses Natasha.
Natasha casts a spell at you. The magic dart hits you!
Natasha casts a spell.
You shoot an arrow. The arrow hits Natasha.
Natasha is lightly wounded.
You shoot an arrow. The arrow hits Natasha.
Natasha is heavily wounded.
Natasha stares at you and mumbles some strange words.
You feel as though you will be slow longer.
The cerulean imp hits you from afar with a +1 spear.
Natasha stares at you and mumbles some strange words.
You feel as though you will be slow longer.
The cerulean imp hits you but does no damage.
You shoot an arrow. The arrow barely misses Natasha.
The arrow closely misses the cerulean imp.
Natasha misses you.
The cerulean imp hits you from afar with a +1 spear.
Natasha casts a spell.
The cerulean imp hits you from afar with a +1 spear.
You shoot an arrow. The arrow hits Natasha.
Natasha is almost dead.
Natasha closely misses you. The cerulean imp closely misses you.
The cerulean imp hits you from afar with a +0 spear.
The worm bites you but does no damage. Natasha claws you.
The cerulean imp hits you from afar with a +1 spear.
The cerulean imp hits you from afar with a +0 spear.
The worm bites you but does no damage.
You shoot an arrow. The arrow closely misses Natasha.
The arrow misses the cerulean imp.
Natasha claws you.
The cerulean imp hits you but does no damage. x2
Natasha claws you.
You die...

# .# ####5###.#
#.@h5....#
######..w.....#
#.............#
####.......#......
#..........#......
####
#.##.......#.....[
#... #.##.......#
..... #...
#.#........# ##...
#...
#.#........#.# ...
####


You could see a worm, Natasha (empowered) and 2 cerulean imps.

Vanquished Creatures
  A centaur (D:3)
  A gnoll (D:1)
  2 adders
  2 worms (D:2)
  2 dart slugs
  An orc (D:3)
  4 ball pythons
  2 endoplasms
  2 giant cockroaches
  5 hobgoblins
  3 kobolds (D:2)
  4 quokkas
  12 bats
  3 frilled lizards
  5 goblins
  9 rats
58 creatures vanquished.

Notes
Turn   | Place    | Note
-------+----------+-------------------------------------------
     0 | D:1      | qw the Deep Elf Hunter began the quest for the Orb.
     0 | D:1      | Reached XP level 1. HP: 12/12 MP: 3/3
     0 | D:1      | 0 ||| qw: Version: 0.3-a-9-g12657ce
     0 | D:1      | 0 ||| qw: Game counter: 2178
     0 | D:1      | 0 ||| qw: Always use a shield: true
     0 | D:1      | 0 ||| qw: God list: Okawaru
     0 | D:1      | 0 ||| qw: Allow faded altars: false
     0 | D:1      | 0 ||| qw: Do Orc after D:15 true
     0 | D:1      | 0 ||| qw: Do second Lair branch before Depths: true
     0 | D:1      | 0 ||| qw: Lair rune preference: random
     0 | D:1      | 0 ||| qw: Plans: Normal
     0 | D:1      | 0 ||| PLANNING D:1-11
   105 | D:1      | Found Cevu's Vocational Training.
   109 | D:1      | Reached skill level 6 in Ranged Weapons
   109 | D:1      | Reached XP level 2. HP: 16/16 MP: 4/4
   311 | D:1      | Reached XP level 3. HP: 20/20 MP: 5/5
   909 | D:1      | 909 ||| READING 3 scrolls labelled WOWI QOTUUG.
   910 | D:1      | 910 ||| READING scroll labelled VEDWAG TIKOUSUODO.
  1011 | D:1      | 1011 ||| READING 2 scrolls of identify.
  1011 | D:1      | 1011 ||| IDENTIFYING fuming amethyst potion
  1012 | D:1      | 1012 ||| DROPPING scroll of butterflies.
  1036 | D:2      | 1036 ||| STAIRDANCE
  1039 | D:1      | Reached skill level 7 in Ranged Weapons
  1208 | D:2      | Reached XP level 4. HP: 25/25 MP: 6/6
  1503 | D:2      | Found a runed translucent door.
  1504 | D:2      | Noticed Crazy Yiuf
  1623 | D:2      | 1623 ||| UPGRADING to +1 helmet.
  1628 | D:2      | 1628 ||| UPGRADING to +0 scale mail.
  1638 | D:2      | 1638 ||| DROPPING +0 leather armour.
  1639 | D:2      | 1639 ||| READING scroll labelled DYURAHITUO.
  1640 | D:2      | 1640 ||| READING scroll labelled LEHIS KAIGAKA.
  1641 | D:2      | 1641 ||| READING 2 scrolls labelled EZOQOA CESOCHUMER.
  1642 | D:2      | 1642 ||| READING scroll of enchant weapon.
  1642 | D:2      | 1642 ||| ENCHANTING +1 shortbow.
  1643 | D:2      | 1643 ||| READING 2 scrolls of identify.
  1643 | D:2      | 1643 ||| IDENTIFYING sedimented green potion
  1644 | D:2      | 1644 ||| DROPPING potion of brilliance.
  1945 | D:3      | Noticed a centaur
  1948 | D:3      | HP: 5/25 [centaur/arrow (7)]
  1949 | D:3      | 1949 ||| DRINKING potion of heal wounds.
  1952 | D:3      | Killed a centaur
  1953 | D:3      | Reached skill level 8 in Ranged Weapons
  1953 | D:3      | Reached XP level 5. HP: 25/29 MP: 7/7
  1977 | D:3      | 1977 ||| SWAPPING to +0 orcbow.
  1978 | D:3      | 1978 ||| DROPPING +2 shortbow.
  1986 | D:3      | 1986 ||| READING 3 scrolls of enchant weapon.
  1986 | D:3      | 1986 ||| ENCHANTING +0 orcbow.
  1987 | D:3      | 1987 ||| READING 2 scrolls of enchant weapon.
  1987 | D:3      | 1987 ||| ENCHANTING +1 orcbow.
  1988 | D:3      | 1988 ||| READING scroll of enchant weapon.
  1988 | D:3      | 1988 ||| ENCHANTING +2 orcbow.
  2101 | D:3      | Noticed Natasha
  2109 | D:3      | HP: 4/29 [Natasha (5)]
  2109 | D:3      | Slain by Natasha

Levels and vault maps discovered:
D:1:      eino_arrival_water_cross, layout_basic, nicolae_hexahallways,
          nicolae_shop_vocational
D:2:      layout_basic, uniq_crazy_yiuf_cottage
D:3:      layout_basic, uniq_natasha

Skill      XL: |  1  2  3  4 |
---------------+-------------+-----
Ranged Weapons | 6 7 8 |  8.8
Fighting       | |  1.5
Dodging        | |  2.4
Stealth        | |  1.2

Action                     |  1- 3 |  4- 6 || total
---------------------------+-------+-------++-------
   Fire: Shortbow          |   105 |    38 ||   143
         Orcbow            |       |    11 ||    11
    Use: Scroll            |     3 |     8 ||    11
         Potion            |       |     1 ||     1
 Armour: Leather armour    |     9 |     3 ||    12
         Scale mail        |       |    10 ||    10
  Dodge: Dodged            |    30 |    12 ||    42

Table legend:
 A = Non-vault XP
 B = Vault XP
 C = Vault XP percentage of total XP
 D = Non-vault monster count
 E = Vault monster count
 F = Vault count percentage of total count
                 A         B        C        D         E       F
            +---------+---------+-------+---------+---------+-------
      Total |     253 |       0 |   0.0 |      58 |       0 |   0.0
            +---------+---------+-------+---------+---------+-------
        D:1 |      73 |       0 |   0.0 |      30 |       0 |   0.0
        D:2 |      45 |       0 |   0.0 |      17 |       0 |   0.0
        D:3 |     135 |       0 |   0.0 |      11 |       0 |   0.0
            +---------+---------+-------+---------+---------+-------
